 Dungeon Crawl Stone Soup version 0.16.0-8-gd9ae3a8 (webtiles) character file.

253 Impoz the Magician (level 6, -3/36 HPs)
             Began as an Octopode Wizard on Mar 16, 2015.
             Slain by an orc wizard
             ... wielding a +0 dagger of protection
              (5 damage)
             ... on level 3 of the Dungeon.
             The game lasted 00:17:56 (4072 turns).

Impoz the Magician (Octopode Wizard)                Turns: 4072, Time: 00:17:56

Health: -3/36      AC:  1    Str:  6    XL:     6   Next: 14%
Magic:  9/18       EV: 12    Int: 22    God:
Gold:   122        SH:  0    Dex: 11    Spells: 4 memorised, 8 levels left

rFire  . . .     SeeInvis .     n - +4 quarterstaff (chaos)
rCold  . . .     Clarity  .     (no shield)
rNeg   . . .     SustAb   .     b - +0 hat
rPois  .         Gourm    .     (no amulet)
rElec  .         Spirit   .     (no ring)
rCorr  .         Warding  .     (no ring)
rMut   .         Stasis   .     (no ring)
MR     .....                    (no ring)
Stlth  +++.......               (no ring)
                                (no ring)
                                (no ring)
                                (no ring)

@: very slightly contaminated, hasted, very quick, not resistant to hostile
enchantments, fairly stealthy
A: almost no armour, amphibious, 8 rings, constrict 8, camouflage 1, gelatinous
body 1
a: no special abilities


You were on level 3 of the Dungeon.
You were not hungry.

You visited 1 branch of the dungeon, and saw 3 of its levels.

You collected 122 gold pieces.

Inventory:

Hand weapons
 a - a +0 short sword
 n - a +4 quarterstaff of chaos (weapon)
Missiles
 o - 13 poisoned needles
Armour
 b - a +0 hat (worn)
Scrolls
 f - a scroll of magic mapping {unknown}
 h - a scroll of noise {unknown}
 i - a scroll of fog {unknown}
 j - a scroll of identify {unknown}
 k - a scroll of enchant weapon {unknown}
 m - a scroll of enchant armour {unknown}
 p - a scroll of fear {unknown}
Potions
 e - a potion of haste
 g - a potion of ambrosia
Books
 c - a book of Minor Magic

   Spells                             Type                      Level
   a - Magic Dart                     Conjuration                  1
   b - Blink                          Translocation                2
   c - Call Imp                       Summoning                    2
   d - Repel Missiles                 Charms/Air                   2
   e - Slow                           Hexes                        2
   f - Conjure Flame                  Conjuration/Fire             3
   g - Mephitic Cloud                 Conjuration/Poison/Air       3
Comestibles
 d - 5 bread rations
 l - a beef jerky
 q - a royal jelly


   Skills:
 - Level 2.0 Dodging
 - Level 3.0 Stealth
 + Level 5.9 Spellcasting
 - Level 2.0 Conjurations
   Level 1.0 Summonings
 - Level 1.0 Translocations


You had 8 spell levels left.
You knew the following spells:

 Your Spells              Type           Power        Failure   Level  Hunger
a - Magic Dart            Conj           ###.         4%          1    None
b - Blink                 Tloc           N/A          12%         2    None
c - Mephitic Cloud        Conj/Pois/Air  #.......     21%         3    #......
d - Repel Missiles        Chrm/Air       #.....       17%         2    None


Dungeon Overview and Level Annotations

Branches:
Dungeon (3/15)

Altars:
Kikubaaqudgha

Annotations:
D:1 Terence


Innate Abilities, Weirdness & Mutations

You cannot wear most types of armour.
You are amphibious.
You can wear up to eight rings at the same time.
You can use your tentacles to constrict many enemies at once.
Your skin changes colour to match your surroundings (Stealth).
Your rubbery body absorbs attacks (AC +1).


Message History

You kill the orc!
Something hits you.
You hear some strange, mumbled words.
The puff of flame hits you!
Casting: Magic Dart
Confirm with . or Enter, or press ? or * to list all spells.
You can't see any susceptible monsters within range! (Use Z to cast anyway.)
You closely miss something. Something barely misses you.
You closely miss something. Something barely misses you.
You miss something. Something hits you.
* * * LOW HITPOINT WARNING * * *
Something hits you.
* * * LOW HITPOINT WARNING * * *
Drink which item? (? for menu, Esc to quit)
It was a potion of haste.
You feel yourself speed up. Something hits you.
* * * LOW HITPOINT WARNING * * *
You are very lightly contaminated with residual magic.
You closely miss something. You barely miss something. Something hits you.
You die...

.o#.... . g.... [#.
.#.#. .. # ###......
... . ........g...
#.. # ........#)#.?#
. #..#....#.#.# #
.......)...# # ###
##.#....#@#.# # #..
...###..#.# # ##.#.#
#.......#
<..#.#####.##....#
##.#.............#
####..####..##...#
.................$.#
.##..#..#..#......##
.##.###...###.....#


There were no monsters in sight!

Vanquished Creatures
  A centaur (D:2)
  A crimson imp (D:1)
  Crazy Yiuf (D:2)
  2 adders (D:2)
  4 worms (D:2)
  3 giant geckos
  2 oozes (D:1)
  2 orcs (D:3)
  7 bats
  2 giant cockroaches (D:2)
  12 goblins
  10 hobgoblins
  4 jackals (D:1)
  6 kobolds
  2 quokkas
  5 giant newts
  7 rats
71 creatures vanquished.

Notes
Turn   | Place    | Note
--------------------------------------------------------------
     0 | D:1      | Impoz, the Octopode Wizard, began the quest for the Orb.
     0 | D:1      | Reached XP level 1. HP: 11/11 MP: 4/4
   527 | D:1      | Reached XP level 2. HP: 17/17 MP: 0/6
   840 | D:1      | Reached XP level 3. HP: 12/21 MP: 1/8
  1107 | D:2      | Learned a level 2 spell: Blink
  1111 | D:2      | Learned a level 3 spell: Mephitic Cloud
  1114 | D:2      | Learned a level 2 spell: Repel Missiles
  1191 | D:2      | Found an ancient bone altar of Kikubaaqudgha.
  1193 | D:2      | Noticed Terence
  1626 | D:2      | Reached skill level 4 in Spellcasting
  1626 | D:2      | Reached XP level 4. HP: 12/27 MP: 0/11
  1888 | D:2      | Noticed Crazy Yiuf
  3006 | D:2      | Killed Crazy Yiuf
  3074 | D:2      | HP: 1/27 [rat (2)]
  3405 | D:2      | Reached XP level 5. HP: 14/31 MP: 3/14
  3547 | D:2      | Noticed a centaur
  3552 | D:2      | Killed a centaur
  3552 | D:2      | Reached skill level 5 in Spellcasting
  3815 | D:1      | Reached XP level 6. HP: 31/36 MP: 16/18
  4072 | D:3      | Slain by an orc wizard

Action                   |  1- 3 |  4- 6 || total
-------------------------+-------+-------++-------
Melee: Short sword       |    58 |    22 ||    80
       Quarterstaff      |       |    28 ||    28
 Cast: Magic Dart        |    61 |   115 ||   176
       Blink             |     1 |     4 ||     5
  Use: Potion            |       |     2 ||     2
 Stab: Sleeping          |     6 |     3 ||     9
  Eat: Chunk             |     2 |     3 ||     5
       Meat ration       |       |     1 ||     1
